 Dungeon Crawl Stone Soup version 0.24-a0-165-g1b465fe (webtiles) character file.

Game seed: 17316043946690690050

7007 puppykicker the Basher (level 11, -8/114 (115) HPs)
             Began as an Ogre Gladiator on Mar 7, 2019.
             Was a Priest of Okawaru.
             Mangled by an orc warrior
             ... wielding a +0 halberd
              (19 damage)
             ... on level 9 of the Dungeon.
             The game lasted 00:29:19 (14821 turns).

puppykicker the Basher (Ogre Gladiator)            Turns: 14821, Time: 00:29:19

HP:   -8/114 (115)  AC:  5    Str: 20    XL:     11   Next: 8%
MP:   11/11         EV: 10    Int: 12    God:    Okawaru [***...]
Gold: 381           SH:  0    Dex: 10    Spells: 8/10 levels left

rFire    . . .     SeeInvis +   a - +0 morningstar
rCold    . . .     Gourm    .   (no shield)
rNeg     . . .     Faith    .   Q - +0 robe
rPois    .         Spirit   .   D - +2 hat
rElec    .         Reflect  .   i - scarf {repulsion}
rCorr    .         Harm     .   (gloves unavailable)
MR       ++...                  (boots unavailable)
Stlth    +.........             (no amulet)
HPRegen  0.29/turn              H - ring of protection from magic
MPRegen  0.12/turn              E - ring of see invisible

@: repel missiles
A: large, unfitting armour, tough skin 1
a: Heroism, Renounce Religion


You were on level 9 of the Dungeon.
You worshipped Okawaru.
Okawaru was most pleased with you.
You were not hungry.

You visited 2 branches of the dungeon, and saw 10 of its levels.

You collected 381 gold pieces.


Innate Abilities, Weirdness & Mutations

You are too large for most types of armour.
You have tough skin. (AC +1)


   Skills:
 + Level 9.4 Fighting
 * Level 12.5 Maces & Flails
 + Level 6.9 Throwing
 - Level 2.6 Dodging


You had 8 spell levels left.
You knew the following spells:

 Your Spells              Type           Power        Failure   Level  Hunger
g - Apportation           Tloc           #.....       32%         1    ##.....
z - Animate Skeleton      Necr           N/A          32%         1    ##.....

Your spell library contained the following spells:

 Spells                   Type           Power        Failure   Level  Hunger
 Confusing Touch          Hex            #.....       32%         1    ##.....
 Magic Dart               Conj           #...         32%         1    ##.....
 Summon Small Mammal      Summ           #...         32%         1    ##.....
 Searing Ray              Conj           #.....       45%         2    ###....
 Dazzling Spray           Conj/Hex       #.....       69%         3    ####...
 Force Lance              Conj/Tloc      #.......     97%         4    #####..
 Fulminant Prism          Conj/Hex       #.........   97%         4    #####..
 Iskenderun's Mystic Bla  Conj           #.......     97%         4    #####..

Inventory:

Hand Weapons
 a - a +0 morningstar (weapon)
 b - a +0 blowgun
 C - a +1 flail
 I - a +0 giant spiked club
 L - a +0 giant club
 P - a +1 whip of electrocution
Missiles
 d - 6 needles of confusion
 f - 12 tomahawks (quivered)
 m - 46 bolts
 t - 40 sling bullets
 w - 152 arrows
 F - 2 throwing nets
 M - 34 poisoned needles
 R - 4 curare-tipped needles
Armour
 i - a scarf of repulsion (worn)
 p - a +1 hat of magic resistance
 u - a +0 cloak
 D - a +2 hat (worn)
 Q - a +0 robe (worn)
Jewellery
 x - an uncursed amulet of faith {!P}
 E - a ring of see invisible (right hand)
 H - a ring of protection from magic (left hand)
Wands
 N - a wand of polymorph (12)
Scrolls
 c - 2 scrolls of immolation {!r}
 g - 3 scrolls of magic mapping {unknown}
 h - a scroll of blinking {unknown}
 s - a scroll of noise {unknown}
 y - 7 scrolls of teleportation
 A - a scroll of fear {unknown}
 B - 2 scrolls of random uselessness {unknown}
 G - a scroll of remove curse
 J - a scroll of fog {unknown}
Potions
 e - a potion of invisibility
 k - 2 potions of cancellation
 l - 3 potions of curing
 n - 2 potions of agility
 o - a potion of might
 q - 3 potions of haste
 r - 2 potions of flight {unknown}
 v - 3 potions of lignification {!q}
 z - a potion of resistance
 K - a potion of heal wounds
Comestibles
 j - 14 rations

Dungeon Overview and Level Annotations

Branches:
Dungeon (9/15)             Temple (1/1) D:7
   Lair: D:8-11         Orc: D:9-12

Altars:
Ashenzari
Cheibriados
Dithmenos
Elyvilon
Fedhas
Gozag
Hepliaklqana
Kikubaaqudgha
Makhleb
Nemelex Xobeh
Okawaru
Qazlal
Ru
Sif Muna
Trog
Uskayaw
Vehumet
Wu Jian
Xom
Yredelemnul
Zin
The Shining One

#######'######
#§§§≈≈≈.≈≈≈§≈≈
#§§§§.....§..≈
#≈..§........≈
#§..#######..≈
#≈..# #..≈
###≈..# #..≈
#.#######.'oo.#
#...
#......@†o#≈..#
#..≈
#.#########≈oo#
#..≈
#≈.o#######..≈
#≈...........≈
#≈...........≈
#≈≈≈≈≈≈.≈≈≈≈≈≈
#######'######
#.# #.#


You could see an orc warrior, an orc wizard and an orc.


Message History

The orc wizard barely misses you.
Unknown command.
The hound bites you but does no damage. The orc wizard barely misses you.
Unknown command.
You open the door. The hound closely misses you.
The orc wizard hits you with a cursed -3 dagger.
* * * LOW HITPOINT WARNING * * *
Unknown command.
The orc warrior barely misses you. The hound bites you but does no damage.
There is an open door here.
Unknown command.
The orc wizard is no longer moving quickly.
Unknown command.
The hound bites you.
* * * LOW HITPOINT WARNING * * *
Unknown command.
Unknown command.
You are too injured to fight recklessly!
You are too injured to fight recklessly!
You barely miss the hound. The hound barely misses you.
The hound closely misses you.
You puncture the hound!
The hound is severely wounded.
The hound bites you.
* * * LOW HITPOINT WARNING * * *
You puncture the hound!
You kill the hound!
Okawaru accepts your kill.
The orc warrior hits you from afar with a +0 halberd!!
You die...

Action                   |  1- 3 |  4- 6 |  7- 9 | 10-12 || total
-------------------------+-------+-------+-------+-------++-------
Melee: Flail             |   148 |   179 |       |       ||   327
       Giant club        |       |    19 |    81 |       ||   100
       Morningstar       |       |       |   258 |   369 ||   627
 Fire: Blowgun           |       |       |     4 |       ||     4
Throw: Stone             |     8 |       |       |       ||     8
       Tomahawk          |     2 |       |    13 |       ||    15
       Throwing net      |       |       |     2 |     2 ||     4
 Cast: Animate Skeleton  |       |       |     6 |     2 ||     8
  Use: Scroll            |     3 |     5 |     3 |     2 ||    13
       Potion            |       |     7 |     1 |       ||     8
 Stab: Sleeping          |     2 |       |     1 |       ||     3
       Distracted        |     1 |       |       |       ||     1
       Held in net/web   |       |       |     3 |     1 ||     4
  Eat: Chunk             |     4 |     8 |    17 |    10 ||    39
       Ration            |       |       |       |     2 ||     2
Armor: Robe              |    56 |    54 |    95 |    81 ||   286
       Skin              |       |       |     9 |       ||     9
Dodge: Dodged            |    89 |   108 |   161 |   151 ||   509
       Deflected         |       |       |     2 |     5 ||     7

Levels and vault maps discovered:
D:1:      lemuel_arrival_behind_the_door_small, layout_loops_corners,
          chequers_mini_garden
D:2:      layout_basic, minmay_circle_x
D:3:      kennysheep_six_static_rooms, layout_loops_corners,
          nicolae_tso_carved_into_rock, old_standard_altar,
          minmay_overflow_temple_star_quad, minmay_misc_feat_cross
D:4:      layout_loops_cross, yredelemnul_forgotten_temple_becter,
          nicolae_overflow_crystal_walls, serial_shops, shop, first_ration,
          uniq_sigmund
D:5:      layout_rooms, grunt_temple_overflow_cloverleaf
D:6:      layout_basic, nicolae_gozag_cash_rules_everything_around_me
D:7:      layout_loops_corners, tgw_trog, minmay_temple_entry_butterflies,
          grunt_livestock, uniq_joseph, uniq_duvessa
D:8:      layout_rooms, lemuel_mausoleum_altar_kikubaaqudgha,
          nicolae_ru_awakened_eye
D:9:      layout_basic, lair_entry_dummy, kennysheep_path_1,
          nicolae_benzene_ring
Temple:   compressed_dpeg_triangle_lava_temple

Notes
Turn   | Place    | Note
-------+----------+-------------------------------------------
     0 | D:1      | puppykicker the Ogre Gladiator began the quest for the Orb.
     0 | D:1      | Reached XP level 1. HP: 22/22 MP: 1/1
    92 | D:1      | Reached skill level 3 in Maces & Flails
   200 | D:1      | Reached XP level 2. HP: 25/29 MP: 2/2
   965 | D:1      | Reached XP level 3. HP: 19/36 MP: 3/3
  2033 | D:2      | Reached XP level 4. HP: 35/44 MP: 4/4
  2227 | D:2      | Reached skill level 4 in Maces & Flails
  2690 | D:3      | Reached skill level 3 in Fighting
  2690 | D:3      | Reached skill level 3 in Throwing
  2933 | D:3      | Found a shattered altar of Ashenzari.
  2938 | D:3      | Found a shimmering altar of Xom.
  2943 | D:3      | Found a hazy altar of Hepliaklqana.
  3016 | D:3      | Found a deep blue altar of Sif Muna.
  3024 | D:3      | Reached XP level 5. HP: 42/53 MP: 5/5
  3625 | D:3      | Learned a level 1 spell: Animate Skeleton
  3627 | D:3      | Learned a level 1 spell: Apportation
  3692 | D:3      | Found a glowing golden altar of the Shining One.
  4005 | D:4      | HP: 5/53 [scorpion (10)]
  4011 | D:4      | HP: 3/53 [scorpion (6)]
  4017 | D:4      | Reached skill level 4 in Fighting
  4017 | D:4      | Reached skill level 5 in Maces & Flails
  4017 | D:4      | Reached XP level 6. HP: 15/62 MP: 6/6
  4591 | D:4      | Found a basalt altar of Yredelemnul.
  4779 | D:4      | Reached skill level 5 in Fighting
  4779 | D:4      | Reached XP level 7. HP: 57/72 MP: 7/7
  4861 | D:4      | Found a white marble altar of Elyvilon.
  5070 | D:4      | Reached skill level 6 in Maces & Flails
  5120 | D:4      | Found Fecuefy's Magic Scroll Boutique.
  5133 | D:4      | Noticed Sigmund
  5278 | D:5      | Entered Level 5 of the Dungeon
  5396 | D:5      | Reached skill level 7 in Maces & Flails
  5431 | D:5      | Reached XP level 8. HP: 14/80 MP: 8/8
  5997 | D:5      | Found a stormy altar of Qazlal.
  6000 | D:5      | Found a glowing silver altar of Zin.
  6022 | D:5      | Found a radiant altar of Vehumet.
  6038 | D:5      | Found a sparkling altar of Nemelex Xobeh.
  6039 | D:5      | Identified a potion of resistance
  6151 | D:5      | Reached skill level 8 in Maces & Flails
  6815 | D:6      | Reached skill level 9 in Maces & Flails
  7336 | D:6      | Found an opulent altar of Gozag.
  7690 | D:7      | Reached XP level 9. HP: 84/88 MP: 9/9
  7692 | D:7      | Noticed Duvessa
  7701 | D:7      | Killed Duvessa
  7703 | D:7      | Noticed Dowan
  7714 | D:7      | Killed Dowan
  7714 | D:7      | Reached skill level 10 in Maces & Flails
  8497 | D:7      | HP: 13/132 [hippogriff (1)]
  9001 | D:7      | Reached skill level 6 in Fighting
  9001 | D:7      | Reached skill level 4 in Throwing
  9321 | D:7      | Noticed Joseph
  9331 | D:7      | Killed Joseph
  9331 | D:7      | Reached skill level 11 in Maces & Flails
  9371 | D:7      | Noticed a moth of wrath
  9371 | D:7      | You fall through a shaft!
  9385 | D:7      | Reached skill level 7 in Fighting
  9605 | D:7      | Found a staircase to the Ecumenical Temple.
  9688 | D:6      | Reached XP level 10. HP: 29/102 MP: 10/10
  9960 | D:7      | Reached skill level 5 in Throwing
 10229 | D:7      | Found a bloodstained altar of Trog.
 10363 | Temple   | Entered the Ecumenical Temple
 10610 | Temple   | Became a worshipper of Warmaster Okawaru
 10813 | D:4      | Killed Sigmund
 11195 | D:8      | Noticed a two-headed ogre
 11231 | D:7      | Killed a two-headed ogre
 11231 | D:7      | Reached * piety under Okawaru
 11231 | D:7      | Reached skill level 8 in Fighting
 11445 | D:7      | HP: 1/104 [ice beast (10)]
 11827 | D:8      | Reached skill level 6 in Throwing
 12162 | D:8      | Reached skill level 12 in Maces & Flails
 12507 | D:8      | Reached ** piety under Okawaru
 12772 | D:8      | Found a sacrificial altar of Ru.
 13144 | D:8      | Found an ancient bone altar of Kikubaaqudgha.
 13363 | D:8      | Reached skill level 9 in Fighting
 13888 | D:9      | Reached XP level 11. HP: 63/114 MP: 11/11
 14572 | D:9      | Reached *** piety under Okawaru
 14820 | D:9      | HP: 11/114 [hound (3)]
 14821 | D:9      | Mangled by an orc warrior

Vanquished Creatures
  A two-headed ogre (D:7)
  Joseph (D:7)
  4 hippogriffs
  Sigmund (D:4)
  A wyvern (D:9)
  A wraith (D:8)
  3 hogs
  A human (D:7)
  A yak (D:7)
  Duvessa (D:7)
  3 orc warriors
  An ice beast (D:7)
  A phantom (D:6)
  2 sky beasts
  3 necrophages (D:8)
  4 ogres
  5 centaurs
  A big kobold (D:7)
  2 gnoll sergeants
  3 bullfrogs
  Dowan (D:7)
  A scorpion (D:4)
  A troll zombie (D:8)
  A troll skeleton (D:8)
  9 wights
  4 crimson imps
  2 lava snakes (D:9)
  3 orc priests
  4 hounds
  2 human zombies (D:8)
  2 jellies
  A bullfrog skeleton (D:4)
  4 iguanas
  10 orc wizards
  2 human skeletons (D:8)
  2 worker ants (D:4)
  3 hound skeletons
  3 mummies (D:8)
  A worker ant zombie (D:9)
  8 gnolls
  8 adders
  4 shadow imps
  3 oozes
  An adder skeleton (D:6)
  2 worms
  3 dart slugs
  8 leopard geckos
  28 orcs
  3 giant cockroaches
  12 goblins
  5 hobgoblins
  12 jackals
  3 quokkas
  A ball python (D:4)
  A ball python skeleton (D:5)
  8 bats
  9 frilled lizards
  A jackal zombie (D:7)
  10 kobolds
  A leopard gecko skeleton (D:7)
  A leopard gecko zombie (D:6)
  2 quokka skeletons
  17 rats
  A spectral orc (D:4)
248 creatures vanquished.

Vanquished Creatures (collateral kills)
  A scorpion (D:7)
  A hound (D:6)
  A kobold (D:7)
3 creatures vanquished.

Grand Total: 251 creatures vanquished
